 Dungeon Crawl Stone Soup version 0.21.0-24-g2553a33 (webtiles) character file.

602813 Gorice the Executioner (level 27, -1/254 HPs)
             Began as a Hill Orc Gladiator on Jan 14, 2018.
             Was the Champion of the Shining One.
             Slain by a golden dragon (24 damage)
             ... on level 5 of the Vaults on Jan 20, 2018.
             The game lasted 05:34:16 (77096 turns).

Gorice the Executioner (Hill Orc Gladiator)        Turns: 77096, Time: 05:34:17

Health: -1/254     AC: 43    Str: 24    XL:     27
Magic:  44/44      EV: 22    Int: 11    God:    the Shining One [******]
Gold:   4175       SH:  0    Dex: 15    Spells: 24/43 levels left

rFire    . . .     SeeInvis .   a - +9 executioner's axe (holy)
rCold    . . .     Gourm    .   (shield currently unavailable)
rNeg     + + +     Faith    .   h - +3 pearl dragon scales of Wuipla {+Fly rPois rN+ MP+9 Stlth+}
rPois    +         Spirit   .   Q - +1 helmet
rElec    .         Reflect  .   W - +2 cloak
rCorr    .         Harm     .   p - +3 pair of gauntlets of War {Slay+5}
MR       ++...                  J - +2 pair of boots
Stlth    +.........             l - amulet of regeneration
HPRegen  0.92/turn              P - +3 ring of protection
MPRegen  0.29/turn              s - +5 ring of slaying

@: glowing
A: no striking features
}: 2/15 runes: decaying, serpentine
a: Divine Shield, Cleansing Flame, Summon Divine Warrior, Brand Weapon With Holy
Wrath, Renounce Religion, Evoke Flight


You were on level 5 of the Vaults.
You worshipped the Shining One.
The Shining One was exalted by your worship.
You were not hungry.

You visited 10 branches of the dungeon, and saw 48 of its levels.
You visited the Abyss 2 times.
You visited 1 bazaar.
You also visited: Labyrinth, Bailey and Ice Cave.

You collected 8154 gold pieces.
You spent 3979 gold pieces at shops.

Inventory:

Hand Weapons
 a - a +9 executioner's axe of holy wrath (weapon)
   (You found it on level 1 of the Lair of Beasts)
 B - a +0 blowgun
Missiles
 b - 22 curare-tipped needles
 T - 6 javelins of returning (quivered)
 Z - 9 throwing nets
Armour
 h - the +3 pearl dragon scales of Wuipla (worn) {+Fly rPois rN+ MP+9 Stlth+}
   (You took it off a deep elf master archer on level 3 of the Elven Halls)

   It protects you from poison.
   It protects you from negative energy.
   It affects your magic capacity (+9).
   It lets you fly.
   It makes you more stealthy.
 p - the +3 pair of gauntlets of War (worn) {Slay+5}
   (You acquired it on level 1 of the Lair of Beasts)

   It affects your accuracy and damage with ranged weapons and melee attacks
   (+5).
 J - a +2 pair of boots (worn)
 Q - a +1 helmet (worn)
 W - a +2 cloak (worn)
Jewellery
 c - the ring "Pogazol" {+Fly rPois rC+ Dex+3}
   (You found it on level 3 of the Crypt)

   [ring of flight]

   It affects your dexterity (+3).
   It protects you from cold.
   It protects you from poison.
   It lets you fly.
 e - the ring of Posoco {rElec rF++ rC- rN+ Str+3}
   (You found it on level 3 of the Crypt)

   [ring of positive energy]

   It affects your strength (+3).
   It greatly protects you from fire.
   It makes you vulnerable to cold.
   It insulates you from electricity.
   It protects you from negative energy.
 i - an uncursed ring of see invisible
 l - an amulet of regeneration (around neck)
 s - a +5 ring of slaying (right hand)
 C - an uncursed ring of resist corrosion
 P - a +3 ring of protection (left hand)
Wands
 g - a wand of acid (26)
 K - a wand of paralysis (101)
 O - a wand of digging (89)
 U - a wand of iceblast (35)
Scrolls
 k - 16 scrolls of remove curse
 q - 21 scrolls of teleportation {!r}
 w - 6 scrolls of identify
 y - 10 scrolls of fog
 z - 7 scrolls of blinking
 D - 6 scrolls of fear {!r}
 G - a scroll of summoning {!r}
 S - 3 scrolls of magic mapping {!r}
Potions
 j - 7 potions of resistance {!q}
 n - 17 potions of curing
 o - 11 potions of heal wounds {!q}
 v - 11 potions of agility {!q}
 x - 8 potions of haste {!q}
 A - 2 potions of berserk rage
 F - 5 potions of might {!q}
 M - 2 potions of cancellation {!q}
Miscellaneous
 r - 3 boxes of beasts
 L - a lightning rod (4/4) {!a}
Comestibles
 d - 12 chunks of flesh
 m - 117 rations


   Skills:
 - Level 22.0 Fighting
 - Level 26.0 Axes
 - Level 10.0 Throwing
 - Level 24.0 Armour
 - Level 18.0 Dodging
 + Level 8.8 Spellcasting
 - Level 10.4 Summonings
 * Level 5.2 Translocations
 - Level 14.0 Invocations
 - Level 16.0 Evocations


You had 24 spell levels left.
You knew the following spells:

 Your Spells              Type           Power        Failure   Level  Hunger
p - Portal Projectile     Hex/Tloc       ##....       24%         3    ##.....
w - Spectral Weapon       Hex/Chrm       #.......     58%         3    ##.....
A - Apportation           Tloc           ###...       2%          1    None
B - Summon Butterflies    Summ           ####....     1%          1    None
D - Aura of Abjuration    Summ           ####......   9%          5    ######.
J - Blink                 Tloc           N/A          4%          2    #......
S - Summon Lightning Spi  Summ/Air       ###.....     28%         4    ####...


Dungeon Overview and Level Annotations

Branches:
Dungeon (15/15)            Temple (1/1) D:7            Lair (6/6) D:8
  Swamp (4/4) Lair:2        Snake (4/4) Lair:3        Slime (0/5) Lair:6
    Orc (2/2) D:10            Elf (3/3) Orc:2        Vaults (5/5) D:14
  Crypt (3/3) Vaults:3       Tomb (0/3) Crypt:3      Depths (5/5) D:15
    Zot (0/5) Depths:5

Altars:
Ashenzari
Cheibriados
Dithmenos
Elyvilon
Fedhas
Gozag
Hepliaklqana
Kikubaaqudgha
Makhleb
Nemelex Xobeh
Okawaru
Qazlal
Ru
Sif Muna
Trog
Uskayaw
Vehumet
Wu Jian
Xom
Yredelemnul
Zin
The Shining One
Beogh
Jiyva
Lugonu

Shops:
D:11 [   D:13 ?   D:14 }[   Orc:2 *%*:   Elf:3 *%!   Vaults:1 [   Depths:4 %[*(
Depths:5 %(=(

Portals:
Hell: Depths:1 Depths:2 Depths:3 Depths:4 Depths:5
Abyss: Depths:3 Depths:4
Pandemonium: Depths:2 Depths:3 Depths:4 Depths:5
Ziggurat: Depths:3

Annotations:
Depths:2 1 runed door


Message History

The spray of metal splinters hits the golden dragon.
You slash the fire giant!
You kill the fire giant!
You slash the golden dragon!
The deep elf annihilator mumbles some strange words.
The deep elf annihilator blinks!
The golden dragon bites you but does no damage.
The golden dragon misses you. x2
Unknown command.
You slice the golden dragon!!
The golden dragon is almost dead.
The deep elf annihilator gestures at you while chanting.
The bolt of lightning hits you!
* * * LOW HITPOINT WARNING * * *
The golden dragon bites you!!
* * * LOW HITPOINT WARNING * * *
The golden dragon completely misses you.
The golden dragon tramples you but does no damage.
Damage: 46 (max 75)
The cyclops changes into a moth of wrath!
The war gargoyle hits you but does no damage.
The golden dragon breathes fire at you. The bolt of fire hits you!
* * * LOW HITPOINT WARNING * * *
An ettin comes into view.
It is wielding a dire flail and a dire flail of crushing.
Damage: 53 (max 75)
The frost giant casts a spell at you. The bolt of cold hits you!
* * * LOW HITPOINT WARNING * * *
There is an escape hatch in the ceiling here.
Damage: 32 (max 75) Unknown command.
Really quaff
o - 12 potions of heal wounds {!q}?
You feel much better. The war gargoyle completely misses you.
The moth of wrath goads the golden dragon on!
The golden dragon goes berserk!
The frost giant points at you and mumbles some strange words.
The bolt of cold hits you!
* * * LOW HITPOINT WARNING * * *
A yaktaur comes into view. It is wielding a dagger.
Unknown command.
Enter note: Unknown command.
Unknown command.
Unknown command.
Unknown command.
Unknown command.
The war gargoyle misses you.
The yaktaur moves out of view.
The golden dragon bites you!!
You die...

*,*,*,*.#.#,##....#,,,,*,,,,,*,,,
,*,*,*,#.#.#.#....#....#***,,****
*,*,*,*.#.#.#.....#.....,,,,,*,,,
,*,*,*,#?#.#......#....,,,,,,*,,,
*,*,*,*,#.#...........,,,,,,,,,,,
*******###..........######*******
,,,,,,,........<<.........,,,,,,,
,,,,,,,.......<..<.....=..,,,,,,,
,,,,,,,.......e<@9........,,,,,,,
,,,,,,,.........Dy........,,,,,,,
*******#####......C.#####********
,,,,,*****#........)......,,,,,,,
*,,,,,,,*#...#....#.......,,,,,,,
***,,,,,....##....#.C###..*,*,*,*
,,**,,,,...#*#....#..#,,,.,,,,,,,
,,,*,,,,...**#....#..#,,,,,,,,,,,
,,,**,,,,,,,*#....#...,,,,*,*,*,*


You could see a golden dragon (berserk), a frost giant, a deep elf annihilator,
an ettin, a war gargoyle and a moth of wrath shaped shifter.

Vanquished Creatures
  Mennas (Crypt:1)
  Mara (Crypt:1)
  3 juggernauts
  2 ancient liches
  Sojobo (Vaults:4)
  Boris (Crypt:1)
  Frederick (Depths:3)
  Saint Roka (Snake:3)
  Vashnia (Snake:2)
  Xtahua (Vaults:3)
  7 caustic shrikes
  Bai Suzhen (Swamp:3)
  2 profane servitors
  4 golden dragons
  Nikola (Snake:3)
  Jory (Vaults:2)
  2 bone dragons (Abyss:3)
  Rupert (Lair:4)
  4 tentacled monstrosities
  A hellephant (Abyss:3)
  10 liches
  3 quicksilver dragons (Depths:2)
  3 titans
  2 deep elf blademasters
  A deep elf master archer (Elf:3)
  2 tentacled starspawn (Abyss:3)
  Agnes (Snake:1)
  9 sphinxes
  3 shadow dragons
  3 thorn hunters
  Kirke (Snake:1)
  9 ancient champions
  6 storm dragons
  A draconian monk (Depths:5)
  Donald (Vaults:2)
  3 revenants (Crypt:3)
  8 nagarajas
  15 fire giants
  9 tengu reavers
  9 vault wardens
  A cacodemon (Depths:4)
  4 iron dragons
  8 deep elf sorcerers
  15 frost giants
  Aizul (Snake:1)
  5 deep elf elementalists
  14 very ugly things
  32 stone giants
  2 spriggan defenders
  A reaper (IceCv)
  5 ghouls (Crypt:3)
  A juggernaut skeleton (Depths:3)
  A draconian annihilator (Depths:5)
  15 ironheart preservers
  2 entropy weavers (Vaults:2)
  2 war gargoyles (Vaults:4)
  10 vampire knights
  3 black draconians (Depths:5)
  11 deep elf annihilators
  2 deep elf demonologists
  2 green draconians (Depths:5)
  7 spark wasps
  5 crystal guardians
  A yellow draconian (Depths:5)
  5 eidola
  A minotaur (Lab)
  20 ettins
  12 jiangshi
  17 fire dragons
  10 deep elf death magi
  Josephine (D:15)
  6 deep elf high priests
  14 yaktaur captains
  35 vault guards
  14 great orbs of eyes
  7 rakshasas
  A hydra (shapeshifter) (Vaults:4)
  An ice dragon (shapeshifter) (Depths:2)
  15 naga warriors
  A hell beast (Depths:3)
  21 ice dragons
  10 centaur warriors
  21 hydras
  3 spriggan air magi
  2 anacondas (shapeshifter)
  10 anacondas
  29 dancing weapons
  58 two-headed ogres
  4 death knights
  5 hell hogs (Abyss:3)
  13 deep troll earth magi
  10 tengu warriors
  6 alligators
  13 deep troll shamans
  2 thrashing horrors (Abyss:3)
  19 ogre magi
  9 vampire magi
  9 spriggan berserkers
  4 death yaks (Lair:6)
  18 naga sharpshooters
  Nergalle (Orc:1)
  5 orc high priests (Orc:2)
  9 shock serpents
  4 soul eaters
  A death drake (shapeshifter) (Depths:2)
  25 deep elf knights
  17 skeletal warriors
  2 wretched stars (Abyss:3)
  4 shadow wraiths
  A fire crab (shapeshifter) (Depths:5)
  5 salamander mystics
  A sixfirhy (Abyss:3)
  3 spatial maelstroms (Abyss:3)
  4 iron trolls (Depths:3)
  37 deep trolls
  A fire crab (Swamp:4)
  An unseen horror (D:14)
  7 glowing orange brains
  15 flayed ghosts
  2 spriggan druids
  The ghost of Monsterracer the Frost Mage, a novice TeIE of Hepliaklqana (D:9)
  7 swamp dragons
  3 shambling mangroves
  9 ironbrand convokers
  A torturous demonspawn (Depths:4)
  2 lindwurms (Swamp:4)
  6 starcursed masses (Abyss:3)
  16 deep elf archers
  A tengu zombie (Vaults:2)
  10 phantasmal warriors
  4 wizards
  12 naga ritualists
  A wolf spider zombie (D:13)
  7 orc knights
  13 mana vipers
  14 necromancers
  A sphinx zombie (Depths:3)
  78 deep elf magi
  5 orc sorcerers
  7 cyclopes
  34 ugly things
  A salamander (shapeshifter) (Depths:1)
  2 fire giant zombies
  12 salamanders
  4 iron dragon skeletons
  5 wolf spiders
  2 oklob plants (Lair:2)
  A stone giant zombie (Vaults:4)
  3 manticores
  45 black mambas
  3 black mambas (shapeshifter)
  A dire elephant zombie (Abyss:3)
  7 guardian serpents
  An elephant (shapeshifter) (Depths:2)
  3 rust devils
  3 stone giant skeletons
  2 ice statues (IceCv)
  A centaur zombie (D:12)
  A torpor snail (shapeshifter) (Depths:4)
  8 vault sentinels
  A gargoyle (D:14)
  A guardian serpent (shapeshifter) (Depths:4)
  3 smoke demons (Abyss:3)
  20 naga magi
  An orange demon (Abyss:3)
  11 spiny frogs
  44 yaktaurs
  5 komodo dragons
  11 freezing wraiths
  2 elf zombies (Depths:3)
  A yellow draconian zombie (Crypt:1)
  A rime drake (Lair:6)
  A tormentor (Depths:5)
  4 efreet
  An elf (Vaults:3)
  5 ancient zymes (Abyss:3)
  A pale draconian zombie (Crypt:2)
  A dire elephant skeleton (Crypt:2)
  A komodo dragon (shapeshifter) (Vaults:1)
  2 kobold demonologists (D:15)
  4 hellwings
  9 ice devils (IceCv)
  7 tengu conjurers
  A red devil (Depths:3)
  A sea snake skeleton (Crypt:1)
  A purple draconian skeleton (Crypt:2)
  A queen bee (Lair:3)
  2 meliai (shapeshifter)
  A silent spectre (Abyss:3)
  2 queen bees (shapeshifter)
  3 meliai (D:14)
  6 trolls
  3 tyrant leeches
  16 blink frogs
  9 polar bears (Lair:6)
  A hornet (shapeshifter) (Elf:1)
  2 harpy skeletons
  A polar bear (shapeshifter) (Depths:2)
  Grinder (D:4)
  A shadow dragon simulacrum (Vaults:4)
  15 hornets
  A minotaur skeleton (Crypt:2)
  A fire dragon zombie (Crypt:1)
  A hydra skeleton (Abyss:3)
  An alligator zombie (Crypt:3)
  5 bog bodies
  6 large abominations (Abyss:3)
  12 hippogriffs
  75 slime creatures
  A fire giant simulacrum (Vaults:3)
  2 tengu simulacra
  8 raiju
  A stone giant simulacrum (Vaults:2)
  A snapping turtle (shapeshifter) (Elf:2)
  A frost giant simulacrum (Depths:3)
  3 redbacks (Vaults:2)
  2 water elementals (Elf:2)
  13 spriggans
  2 ynoxinuls (Abyss:3)
  3 fire dragon skeletons
  6 shadows
  A wyvern (shapeshifter) (Depths:3)
  A spriggan (shapeshifter) (Vaults:4)
  3 air elementals
  3 vampires
  An ettin skeleton (Crypt:3)
  23 wraiths
  A human (shapeshifter) (Depths:2)
  17 yaks
  2 fire elementals (Elf:2)
  2 chaos spawn (Abyss:3)
  3 hogs (Snake:1)
  2 neqoxecs
  A steam dragon (D:11)
  A basilisk (shapeshifter) (Vaults:4)
  A hog (shapeshifter) (Depths:4)
  3 wyverns
  A golden eye (Abyss:3)
  15 vampire mosquitoes
  3 hungry ghosts
  Menkaure (D:7)
  68 nagas
  2 acid dragons
  13 insubstantial wisps
  7 wargs
  17 water moccasins
  2 spatial vortices (Abyss:3)
  19 swamp worms
  6 floating eyes
  A deep troll skeleton (Crypt:3)
  A faun skeleton (Crypt:2)
  10 porcupines
  11 hell hounds (Lair:6)
  A black bear (shapeshifter) (D:13)
  8 swamp drakes
  An ice beast (shapeshifter) (Elf:2)
  A human zombie (Vaults:2)
  28 orc warriors
  3 ettin simulacra (Depths:1)
  3 hornet zombies
  4 ice beasts
  A sky beast (D:8)
  3 eyes of draining
  An ice dragon simulacrum (Abyss:3)
  11 black bears (Lair:6)
  A necrophage (D:6)
  61 ogres
  3 elephant zombies (Lair:5)
  A boggart (Depths:2)
  24 wolves
  A blink frog skeleton (Crypt:2)
  A centaur (shapeshifter) (Vaults:1)
  3 human skeletons (Vaults:4)
  11 centaurs
  Blork the orc (D:5)
  9 crocodiles
  A big kobold (D:7)
  A komodo dragon zombie (Lair:5)
  20 bullfrogs
  A draconian zombie (Crypt:2)
  3 earth elementals
  10 gnoll sergeants
  6 small abominations (Abyss:3)
  A hippogriff skeleton (Crypt:3)
  A merfolk simulacrum (Crypt:3)
  2 spiny frog simulacra
  A water moccasin zombie (D:10)
  3 scorpions
  A yak zombie (Crypt:2)
  A wyvern skeleton (Crypt:1)
  A cyclops skeleton (Crypt:2)
  A wight (Vaults:2)
  38 killer bees
  3 electric eels
  10 howler monkeys
  3 crimson imps
  4 quasits
  2 bullfrog zombies (D:11)
  2 jellies
  6 gnoll shamans (Bailey)
  32 orc priests
  8 hounds
  33 orc wizards
  4 bullfrog skeletons
  4 centaur skeletons
  15 worker ants
  3 iguanas
  A crocodile zombie (Lair:5)
  A demigod zombie (Crypt:3)
  A sky beast zombie (Crypt:3)
  A felid skeleton (Crypt:3)
  An acid dragon skeleton (Crypt:1)
  A hound zombie (D:7)
  A howler monkey zombie (D:11)
  2 worker ant zombies
  Robin (D:3)
  14 adders
  31 gnolls
  2 shadow imps
  A swamp drake skeleton (Crypt:2)
  10 white imps
  7 ufetubi
  A worm zombie (Crypt:3)
  An adder zombie (D:7)
  An iguana zombie (Crypt:1)
  3 adder skeletons
  A worm (D:3)
  2 dart slugs (D:1)
  6 leopard geckos
  85 orcs
  6 bats
  6 giant cockroaches
  13 goblins
  7 hobgoblins
  12 jackals
  5 quokkas
  3 ball pythons
  4 frilled lizards
  24 kobolds
  A quokka skeleton (D:6)
  A quokka zombie (D:9)
  7 rats
  10 briar patches (Swamp:2)
  A butterfly (Lair:2)
  A fungus (Lair:2)
  3 plants
2466 creatures vanquished.

Vanquished Creatures (collateral kills)
  A revenant (Crypt:1)
  A jiangshi (Crypt:1)
  2 naga warriors
  4 skeletal warriors (Crypt:1)
  A naga ritualist (Snake:1)
  A salamander (Snake:4)
  A black mamba (Snake:3)
  2 freezing wraiths (Crypt:1)
  A black draconian skeleton (Crypt:1)
  A naga (Snake:1)
  A queen bee zombie (Crypt:1)
16 creatures vanquished.

Vanquished Creatures (others)
  A fire giant (Depths:4)
  A titan skeleton (Vaults:4)
  A sixfirhy (Abyss:3)
  A swamp dragon (Swamp:4)
  A hornet (shapeshifter) (Depths:2)
  An air elemental (Depths:4)
  3 steam dragons (Swamp:4)
  7 swamp drakes (Swamp:4)
  An orc priest (Vaults:5)
  5 white imps (IceCv)
  An ufetubus (IceCv)
  A bush (Lair:6)
  12 fungi
  20 plants
  2 starspawn tentacles (Abyss:3)
  5 toadstools (Swamp:1)
63 creatures vanquished.

Grand Total: 2545 creatures vanquished

Notes
Turn   | Place    | Note
-------+----------+-------------------------------------------
     0 | D:1      | Gorice the Hill Orc Gladiator began the quest for the Orb.
     0 | D:1      | Reached XP level 1. HP: 18/18 MP: 1/1
   318 | D:1      | Reached XP level 2. HP: 14/25 MP: 2/2
   622 | D:1      | Reached skill level 1 in Armour
   836 | D:2      | Found an opulent altar of Gozag.
   931 | D:2      | Reached skill level 5 in Axes
   949 | D:2      | Reached XP level 3. HP: 30/30 MP: 3/3
  1809 | D:3      | Noticed Robin
  1810 | D:3      | Reached XP level 4. HP: 37/37 MP: 4/4
  1811 | D:3      | Reached skill level 2 in Armour
  1815 | D:3      | Killed Robin
  1832 | D:3      | Reached skill level 6 in Axes
  2215 | D:3      | Reached XP level 5. HP: 42/42 MP: 5/5
  2703 | D:4      | Reached skill level 7 in Axes
  2703 | D:4      | Reached skill level 3 in Armour
  2826 | D:4      | Noticed an ogre
  2835 | D:4      | HP: 11/42 [ogre/giant club (8)]
  2836 | D:4      | Killed an ogre
  2836 | D:4      | Reached XP level 6. HP: 13/50 MP: 6/6
  3160 | D:4      | Noticed Grinder
  3183 | D:4      | Paralysed by Grinder for 5 turns
  3202 | D:4      | Killed Grinder
  3202 | D:4      | Reached skill level 8 in Axes
  3202 | D:4      | Reached skill level 4 in Armour
  3202 | D:4      | Reached XP level 7. HP: 24/56 MP: 7/7
  3480 | D:4      | Reached skill level 9 in Axes
  3554 | D:4      | Found a sparkling altar of Nemelex Xobeh.
  3556 | D:4      | Found a shimmering altar of Xom.
  3612 | D:5      | Entered Level 5 of the Dungeon
  3634 | D:5      | Found a deep blue altar of Sif Muna.
  3757 | D:5      | Noticed Blork the orc
  4085 | D:5      | Killed Blork the orc
  4512 | D:6      | Reached skill level 5 in Armour
  4537 | D:6      | Reached skill level 10 in Axes
  4588 | D:6      | Reached XP level 8. HP: 62/62 MP: 8/8
  4642 | D:6      | HP: 17/62 [ogre/giant spiked club (11)]
  5022 | D:6      | Reached skill level 11 in Axes
  5022 | D:6      | Reached skill level 6 in Armour
  5424 | D:6      | Reached skill level 12 in Axes
  5543 | D:7      | Found a staircase to the Ecumenical Temple.
  5552 | D:7      | Reached XP level 9. HP: 68/68 MP: 9/9
  5584 | Temple   | Entered the Ecumenical Temple
  5704 | Temple   | Became a worshipper of the Shining One
  5761 | D:7      | Found a snail-covered altar of Cheibriados.
  5773 | D:7      | Reached skill level 7 in Armour
  6103 | D:7      | Noticed Menkaure
  6211 | D:7      | Killed Menkaure
  6211 | D:7      | Reached skill level 13 in Axes
  6229 | D:7      | Found a burning altar of Makhleb.
  6230 | D:7      | Found a sacrificial altar of Ru.
  6230 | D:7      | Found a white marble altar of Elyvilon.
  6453 | D:7      | Found a stormy altar of Qazlal.
  6802 | D:7      | Identified a scroll of acquirement
  6807 | D:8      | Reached * piety under the Shining One
  6902 | D:8      | Reached skill level 8 in Armour
  7089 | D:8      | Reached skill level 14 in Axes
  7133 | D:8      | HP: 8/68 [orc warrior/flail (17)]
  7213 | D:8      | HP: 20/68 [orc/war axe (5)]
  7466 | D:7      | HP: 19/68 [orc warrior/flail (2)]
  7471 | D:7      | HP: 7/68 [hippogriff (6)]
  7477 | D:7      | HP: 5/102 [hippogriff (8)]
  7479 | D:7      | Reached XP level 10. HP: 3/74 MP: 10/10
  8169 | D:8      | Reached skill level 9 in Armour
  8309 | D:8      | Found a staircase to the Lair.
  8536 | Lair:1   | Entered Level 1 of the Lair of Beasts
  8539 | Lair:1   | Noticed a spiny frog
  8547 | Lair:1   | Killed a spiny frog
  8547 | Lair:1   | Reached skill level 15 in Axes
  8696 | Lair:1   | Noticed a spiny frog
  8704 | Lair:1   | Killed a spiny frog
  8957 | Lair:1   | Reached skill level 10 in Armour
  9041 | Lair:1   | Noticed a spiny frog
  9055 | Lair:1   | Killed a spiny frog
  9782 | Lair:1   | HP: 22/74 [yak (8)]
  9792 | Lair:1   | HP: 22/74 [yak (2)]
  9796 | Lair:1   | Reached skill level 16 in Axes
  9800 | Lair:1   | Reached XP level 11. HP: 15/80 MP: 11/11
 10096 | Lair:1   | Reached skill level 11 in Armour
 10525 | Lair:2   | Found a staircase to the Swamp.
 10718 | Lair:2   | Noticed an oklob plant
 10718 | Lair:2   | Noticed an oklob plant
 11039 | Lair:3   | Found a staircase to the Snake Pit.
 11051 | Lair:3   | Reached skill level 17 in Axes
 11055 | Lair:3   | Reached skill level 12 in Armour
 11500 | Lair:3   | Noticed a four-headed hydra
 11835 | Lair:3   | Reached ** piety under the Shining One
 12335 | Lair:3   | Reached skill level 3 in Fighting
 12466 | Lair:3   | Noticed a four-headed hydra
 12490 | Lair:3   | Killed a five-headed hydra
 12490 | Lair:3   | Reached XP level 12. HP: 64/91 MP: 12/12
 12493 | Lair:3   | Reached skill level 4 in Fighting
 13228 | Lair:3   | Killed a four-headed hydra
 13228 | Lair:3   | Reached skill level 13 in Armour
 13306 | Lair:3   | Upgraded the game from 0.21.0-3-g78d12a8 to 0.21.0-24-g2553a33
 13308 | Lair:4   | Found a labyrinth entrance.
 13324 | Lab      | Entered a labyrinth
 13383 | Lab      | Noticed a minotaur
 13391 | Lab      | Killed a minotaur
 13391 | Lab      | Reached skill level 5 in Fighting
 13391 | Lab      | Reached skill level 18 in Axes
 13459 | Lab      | --Crappy loot!
 13464 | Lair:4   | --only 5 items in total and not much good
 13910 | Lair:4   | Reached skill level 6 in Fighting
 13929 | Lair:4   | Noticed Rupert
 13944 | Lair:4   | Paralysed by Rupert for 5 turns
 13976 | Lair:4   | Killed Rupert
 13976 | Lair:4   | Reached skill level 7 in Fighting
 15401 | Lair:5   | Got an ichor-stained chain mail
 15414 | Lair:5   | Identified the +2 chain mail of Ugauh {rElec rC- rN++ SInv} (You found it on level 5 of the Lair of Beasts)
 15885 | Lair:6   | Entered Level 6 of the Lair of Beasts
 15891 | Lair:6   | Reached skill level 8 in Fighting
 15898 | Lair:6   | Reached skill level 14 in Armour
 16081 | Lair:6   | Noticed an eight-headed hydra
 16082 | Lair:6   | Noticed a death yak
 16083 | Lair:6   | Noticed a death yak
 16084 | Lair:6   | Noticed a death yak
 16115 | Lair:5   | HP: 24/102 [eight-headed hydra (9)]
 16755 | Lair:6   | Noticed a five-headed hydra
 16987 | D:9      | Noticed Monsterracer's ghost (novice TeIE)
 16996 | D:9      | Killed Monsterracer's ghost
 17048 | D:9      | Found the +5 scythe "Finisher" {speed, Str+3}
 17116 | D:9      | Reached XP level 13. HP: 108/108 MP: 13/13
 17217 | D:9      | Reached *** piety under the Shining One
 17335 | D:9      | Found a shattered altar of Ashenzari.
 17646 | D:10     | Entered Level 10 of the Dungeon
 17729 | D:10     | Reached skill level 9 in Fighting
 17947 | D:10     | Found a staircase to the Orcish Mines.
 18170 | Orc:1    | Entered Level 1 of the Orcish Mines
 18266 | Orc:1    | Noticed Nergalle
 18285 | Orc:1    | Killed Nergalle
 18470 | Orc:2    | Entered Level 2 of the Orcish Mines
 18470 | Orc:2    | Found a roughly hewn altar of Beogh.
 18640 | Orc:2    | Reached **** piety under the Shining One
 18753 | Orc:2    | Reached skill level 10 in Fighting
 18771 | Orc:2    | Reached skill level 19 in Axes
 19408 | Orc:2    | Noticed an ettin
 19420 | Orc:2    | Killed an ettin
 19434 | Orc:2    | Reached skill level 15 in Armour
 19688 | Orc:2    | Found a staircase to the Elven Halls.
 19824 | Orc:2    | Found Haruurph Pina's Book Shoppe.
 19824 | Orc:2    | Found Areth's Food Emporium.
 19825 | Orc:2    | Found Yffycs Qudgh's Assorted Antiques.
 19833 | Orc:2    | Found Soudyn's Assorted Antiques.
 19918 | Orc:2    | Bought a scroll of identify for 66 gold pieces
 19918 | Orc:2    | Bought a potion of heal wounds for 165 gold pieces
 20005 | Orc:2    | Reached ***** piety under the Shining One
 20356 | Orc:2    | Bought a warped chain mail for 313 gold pieces
 20366 | Orc:2    | Identified the +6 chain mail of Words of Power {rF++ rC+ Str-3} (You bought it in a shop on level 2 of the Orcish Mines)
 20700 | D:10     | HP: 34/114 [death knight/enchanted broad axe (6)]
 21327 | D:11     | Reached skill level 11 in Fighting
 21504 | D:11     | Found Ynlia's Armour Shoppe.
 21694 | D:11     | Bought the +8 plate armour of Charity {+Fly} for 1009 gold pieces
 21817 | D:12     | Found a flagged portal.
 21828 | Bailey   | Entered a bailey
 22333 | D:12     | Reached XP level 14. HP: 103/124 MP: 14/14
 23414 | D:13     | Reached ****** piety under the Shining One
 23471 | D:13     | Found Casmibio's Magic Scroll Shop.
 23497 | D:13     | Bought a scroll of summoning for 171 gold pieces
 23617 | D:13     | Reached skill level 12 in Fighting
 23617 | D:13     | Reached skill level 20 in Axes
 23899 | D:14     | Reached skill level 16 in Armour
 23925 | D:14     | Found a gate to the Vaults.
 24024 | D:14     | Found a frozen archway.
 24047 | IceCv    | Entered an ice cave
 24081 | IceCv    | Reached skill level 1 in Invocations
 24267 | IceCv    | Reached skill level 2 in Invocations
 24384 | IceCv    | Reached skill level 3 in Invocations
 24396 | IceCv    | Noticed a reaper
 24404 | IceCv    | Killed a reaper
 24450 | IceCv    | Reached skill level 4 in Invocations
 24543 | D:14     | Found Xekhlam's Armour Shop.
 24588 | D:14     | Reached skill level 13 in Fighting
 24640 | D:14     | Reached skill level 5 in Invocations
 24704 | D:14     | Found a flickering gateway to a bazaar.
 24731 | Bazaar   | Entered a bazaar
 24731 | Bazaar   | Found Qouck's Food Shoppe.
 24731 | Bazaar   | Found Bykoluri's General Store.
 24731 | Bazaar   | Found Sufuw's Book Shop.
 24733 | Bazaar   | Found Niuleism's Book Shop.
 24733 | Bazaar   | Found Zifo's General Store.
 24781 | Bazaar   | Bought a scroll of enchant armour for 90 gold pieces
 24784 | Bazaar   | Bought a potion of haste for 120 gold pieces
 24944 | D:14     | Found a large runed door.
 24964 | D:14     | Paralysed by a great orb of eyes for 2 turns
 24969 | D:14     | Reached skill level 6 in Invocations
 24976 | D:14     | Found a large runed door.
 25084 | D:14     | Found a basalt altar of Yredelemnul.
 25103 | D:14     | Found Yram Veate's Gadget Emporium.
 25505 | D:14     | Found a sparkling altar of Nemelex Xobeh.
 25505 | D:14     | Noticed a fire giant
 25515 | D:14     | Killed a fire giant
 25515 | D:14     | Reached skill level 7 in Invocations
 25719 | D:14     | Found a deep blue altar of Sif Muna.
 25719 | D:14     | Noticed a storm dragon
 25733 | D:14     | Killed a storm dragon
 25733 | D:14     | Reached XP level 15. HP: 100/137 MP: 20/20
 26068 | Lair:1   | Reached skill level 14 in Fighting
 26108 | Lair:1   | --Woah: dragon's lair had Exec Axe of holy wrath!
 26111 | Lair:1   | --...and a battleaxe of flaming
 26356 | D:15     | Entered Level 15 of the Dungeon
 26421 | D:15     | Reached skill level 8 in Invocations
 26603 | D:15     | Noticed Josephine
 26603 | D:15     | Found a shadowy altar of Dithmenos.
 26606 | D:15     | Killed Josephine
 26611 | D:15     | Reached skill level 9 in Invocations
 27067 | D:15     | Found a staircase to the Depths.
 27070 | D:15     | Reached skill level 10 in Invocations
 27076 | D:15     | Reached skill level 15 in Fighting
 27661 | D:5      | Identified Sif Muna's Reference Book on Hexes
 28024 | Lair:6   | Found a viscous altar of Jiyva.
 28024 | Lair:6   | Found a staircase to the Slime Pits.
 28315 | Lair:6   | Reached skill level 11 in Invocations
 28908 | Lair:6   | Reached skill level 12 in Invocations
 29040 | Lair:6   | Reached skill level 16 in Fighting
 29516 | Swamp:1  | Entered Level 1 of the Swamp
 29523 | Swamp:1  | Reached XP level 16. HP: 151/151 MP: 25/25
 29536 | Swamp:1  | Reached skill level 1 in Evocations
 29584 | Swamp:1  | Reached skill level 2 in Evocations
 29758 | Swamp:1  | Noticed a thorn hunter
 29764 | Swamp:1  | Reached skill level 3 in Evocations
 29771 | Swamp:1  | Killed a thorn hunter
 29771 | Swamp:1  | Reached skill level 13 in Invocations
 29869 | Swamp:1  | Reached skill level 4 in Evocations
 30282 | Swamp:2  | Noticed a thorn hunter
 30294 | Swamp:2  | Killed a thorn hunter
 30553 | Swamp:2  | Reached skill level 5 in Evocations
 30958 | Swamp:3  | Reached skill level 14 in Invocations
 30972 | Swamp:3  | Reached skill level 6 in Evocations
 31240 | Swamp:3  | Reached skill level 3 in Dodging
 31255 | Swamp:3  | Identified the +1 broad axe of Callousness {flame, Str+5} (You found it on level 3 of the Swamp)
 31269 | Swamp:3  | Noticed Bai Suzhen
 31297 | Swamp:3  | Killed Bai Suzhen
 31310 | Swamp:3  | Reached skill level 7 in Evocations
 32314 | Snake:1  | Entered Level 1 of the Snake Pit
 32327 | Snake:1  | Reached skill level 4 in Dodging
 32452 | Snake:1  | Noticed a nagaraja
 32463 | Snake:1  | Killed a nagaraja
 32691 | Snake:1  | Noticed Aizul
 32703 | Snake:1  | Killed Aizul
 32729 | Snake:1  | Reached skill level 8 in Evocations
 33028 | Snake:1  | Noticed Agnes
 33043 | Snake:1  | Reached skill level 5 in Dodging
 33055 | Snake:1  | Killed Agnes
 33062 | Snake:1  | HP: 42/151 [naga warrior/morningstar (5)]
 33107 | Snake:1  | Reached XP level 17. HP: 54/158 MP: 15/27
 33530 | Snake:1  | Noticed Kirke
 33618 | Snake:1  | Killed Kirke
 33618 | Snake:1  | Reached skill level 6 in Dodging
 34289 | Snake:1  | Reached skill level 9 in Evocations
 34316 | Snake:1  | Reached skill level 7 in Dodging
 35123 | Snake:2  | Reached skill level 8 in Dodging
 35699 | Snake:2  | Reached skill level 10 in Evocations
 35897 | Snake:2  | Noticed Vashnia
 35909 | Snake:2  | Reached skill level 9 in Dodging
 35916 | Snake:2  | HP: 47/158 [poisoned by a naga sharpshooter (splash of poison)]
 35921 | Snake:2  | HP: 47/158 [poisoned by a naga sharpshooter (splash of poison)]
 35928 | Snake:2  | HP: 42/158 [Vashnia/bolt (6)]
 35936 | Snake:2  | HP: 43/158 [poisoned by a naga sharpshooter (splash of poison)]
 35947 | Snake:2  | HP: 39/158 [salamander/morningstar (7)]
 35948 | Snake:2  | HP: 17/158 [salamander/morningstar (11)]
 36480 | Snake:2  | Killed Vashnia
 37084 | Snake:3  | Noticed Nikola
 37100 | Snake:3  | Killed Nikola
 37100 | Snake:3  | Reached XP level 18. HP: 159/166 MP: 21/28
 37401 | Snake:3  | Reached skill level 10 in Dodging
 37438 | Snake:3  | Noticed Saint Roka
 37457 | Snake:3  | Killed Saint Roka
 37460 | Snake:3  | --I am top orc! No wonder Roka died easily...
 37460 | Snake:3  | --...crappy +0 axe and plate!
 38170 | Swamp:4  | Entered Level 4 of the Swamp
 38174 | Swamp:4  | Reached skill level 11 in Evocations
 38683 | Swamp:4  | Reached skill level 11 in Dodging
 39273 | Swamp:4  | Got a decaying rune of Zot
 39767 | Snake:4  | Entered Level 4 of the Snake Pit
 39816 | Snake:4  | HP: 41/166 [salamander/glaive (15)]
 39822 | Snake:4  | Reached skill level 12 in Evocations
 39823 | Snake:4  | HP: 27/166 [poisoned by a naga warrior (splash of poison)]
 39829 | Snake:4  | HP: 44/166 [poisoned by a naga warrior (splash of poison)]
 39830 | Snake:4  | HP: 14/166 [salamander/glaive (15)]
 39837 | Snake:4  | HP: 15/166 [poisoned by a naga warrior (splash of poison)]
 39845 | Snake:4  | HP: 16/166 [poisoned by a naga warrior (splash of poison)]
 40995 | Snake:4  | Reached skill level 2 in Throwing
 41387 | Snake:4  | Reached skill level 3 in Throwing
 41540 | Snake:4  | Reached skill level 17 in Armour
 41563 | Snake:4  | Reached skill level 4 in Throwing
 41765 | Snake:4  | Reached XP level 19. HP: 144/172 MP: 29/29
 41993 | Snake:4  | Reached skill level 5 in Throwing
 42067 | Snake:4  | HP: 39/172 [salamander mystic/dagger (15)]
 42069 | Snake:4  | HP: 14/172 [salamander mystic/orb of energy (24)]
 42074 | Snake:4  | HP: 33/172 [poisoned by a naga mage (splash of poison)]
 42854 | Snake:4  | Reached skill level 6 in Throwing
 43102 | Snake:4  | Got a serpentine rune of Zot
 43519 | Vaults:1 | Entered Level 1 of the Vaults
 43831 | Vaults:1 | Reached skill level 18 in Armour
 44032 | Vaults:1 | Found Deerr's Antique Armour Boutique.
 44097 | Vaults:1 | Reached skill level 7 in Throwing
 45304 | Vaults:1 | Reached skill level 8 in Throwing
 45912 | Vaults:2 | Noticed Jory
 45927 | Vaults:2 | Killed Jory
 45927 | Vaults:2 | Reached skill level 9 in Throwing
 45928 | Vaults:2 | Reached XP level 20. HP: 74/180 MP: 30/30
 45932 | Vaults:2 | Paralysed by an ogre mage for 5 turns
 45936 | Vaults:2 | HP: 48/180 [ogre mage/bolt of lightning (22)]
 45936 | Vaults:2 | HP: 23/180 [ogre mage/bolt of lightning (25)]
 45939 | Vaults:2 | HP: 3/270 [ogre mage/bolt of lightning (18)]
 45945 | Vaults:2 | HP: 34/270 [yaktaur[a vault warden] (9)]
 45949 | Vaults:2 | Reached skill level 19 in Armour
 45955 | Vaults:2 | HP: 32/180 [tengu reaver zombie[a necromancer] (1)]
 45960 | Vaults:2 | HP: 33/180 [tengu reaver zombie[a necromancer] (1)]
 47058 | Vaults:2 | Reached skill level 10 in Throwing
 47940 | Vaults:2 | Got a pair of brightly glowing boots
 47941 | Vaults:2 | Identified the cursed +0 pair of boots of the Mind {Regen+ Dex+2 Stlth-} (You found it on level 2 of the Vaults)
 48018 | Vaults:2 | Noticed Donald
 48028 | Vaults:2 | Killed Donald
 49514 | Vaults:2 | Reached skill level 17 in Fighting
 49629 | Vaults:3 | Reached skill level 20 in Armour
 50134 | Vaults:3 | Found a staircase to the Crypt.
 50230 | Vaults:3 | Noticed Xtahua
 50286 | Vaults:3 | Killed Xtahua
 50600 | Vaults:3 | Reached XP level 21. HP: 185/193 MP: 31/31
 50935 | Vaults:3 | Reached skill level 18 in Fighting
 51904 | Vaults:4 | Reached skill level 21 in Armour
 52421 | Vaults:4 | Reached skill level 19 in Fighting
 52511 | Vaults:4 | Noticed Sojobo
 52536 | Vaults:4 | HP: 58/198 [Sojobo/bolt of lightning (28)]
 52541 | Vaults:4 | HP: 56/198 [poisoned by a tengu reaver (bolt of poison)]
 52542 | Vaults:4 | Killed Sojobo
 52547 | Vaults:4 | HP: 53/198 [poisoned by a tengu reaver (bolt of poison)]
 52553 | Vaults:4 | HP: 52/198 [poisoned by a tengu reaver (bolt of poison)]
 52558 | Vaults:4 | HP: 52/198 [poisoned by a tengu reaver (bolt of poison)]
 52566 | Vaults:3 | HP: 53/198 [poisoned by a tengu reaver (bolt of poison)]
 52574 | Vaults:3 | HP: 55/198 [poisoned by a tengu reaver (bolt of poison)]
 52636 | Vaults:3 | HP: 52/198 [vault guard/war axe of draining (13)]
 53879 | Vaults:4 | Reached skill level 21 in Axes
 55264 | Vaults:1 | Bought the +0 pair of fencer's gloves {+Riposte Dex+3} for 1720 gold pieces
 55264 | Vaults:1 | Found the +0 pair of fencer's gloves {+Riposte Dex+3}
 55389 | Crypt:1  | Entered Level 1 of the Crypt
 55449 | Crypt:1  | Reached XP level 22. HP: 205/205 MP: 32/32
 55526 | Crypt:1  | Noticed Boris
 55531 | Crypt:1  | Noticed Mennas
 55543 | Crypt:1  | Killed Boris
 55543 | Crypt:1  | Reached skill level 22 in Axes
 55597 | Crypt:1  | Killed Mennas
 55654 | Crypt:1  | Noticed Mara
 55670 | Crypt:1  | Noticed Gorice's illusion
 55670 | Crypt:1  | Killed Mara
 55709 | Crypt:1  | Reached skill level 23 in Axes
 57299 | Crypt:3  | Entered Level 3 of the Crypt
 57323 | Crypt:3  | Reached skill level 24 in Axes
 57354 | Crypt:3  | Found a staircase to the Tomb.
 57849 | Crypt:3  | Reached skill level 25 in Axes
 57849 | Crypt:3  | Reached XP level 23. HP: 196/213 MP: 33/33
 57889 | Crypt:3  | Noticed an ancient lich
 57901 | Crypt:3  | Killed an ancient lich
 58038 | Crypt:3  | Found an ancient bone altar of Kikubaaqudgha.
 58041 | Crypt:3  | Found a basalt altar of Yredelemnul.
 58084 | Crypt:3  | Got a scorched amber ring
 58084 | Crypt:3  | Got a warped steel ring
 58084 | Crypt:3  | Got a steaming silver ring
 58115 | Crypt:3  | Got a scintillating wooden ring
 58509 | D:14     | Identified the ring of Posoco {rElec rF++ rC- rN+ Str+3} (You found it on level 3 of the Crypt)
 58510 | D:14     | Identified the ring "Gogi" {rF- rN+ MR- Dex+8 SInv} (You found it on level 3 of the Crypt)
 58511 | D:14     | Identified the ring "Jihudug" {rN+ Slay+3 Stlth+} (You found it on level 3 of the Crypt)
 58512 | D:14     | Identified the ring "Pogazol" {+Fly rPois rC+ Dex+3} (You found it on level 3 of the Crypt)
 58916 | Elf:1    | Entered Level 1 of the Elven Halls
 59158 | Elf:1    | HP: 54/213 [glaive of protection (11)]
 59164 | Elf:1    | HP: 42/213 [glaive of protection (5)]
 59169 | Elf:1    | HP: 36/213 [glaive of protection (4)]
 59752 | Elf:1    | Reached skill level 26 in Axes
 60955 | Elf:2    | Found a runed gate.
 60955 | Elf:2    | Found a runed gate.
 60968 | Elf:2    | Found a runed gate.
 61131 | Elf:2    | Reached skill level 22 in Armour
 62043 | Elf:3    | Entered Level 3 of the Elven Halls
 62083 | Elf:3    | Found Ynup Xaph's Distillery.
 62086 | Elf:3    | Bought 2 potions of haste for 260 gold pieces
 62086 | Elf:3    | Bought a potion of heal wounds for 65 gold pieces
 62299 | Elf:3    | Reached skill level 20 in Fighting
 62473 | Elf:3    | Found Riemas's Food Emporium.
 62574 | Elf:3    | Found Zauxtum's Assorted Antiques.
 62931 | Elf:3    | Cast into level 3 of the Abyss (a deep elf sorcerer)
 62998 | Abyss:3  | Found a shimmering altar of Xom.
 63042 | Abyss:3  | Reached XP level 24. HP: 224/224 MP: 33/33
 63110 | Abyss:3  | Found a corrupted altar of Lugonu.
 63212 | Abyss:3  | Reached skill level 12 in Dodging
 63251 | Elf:3    | Escaped the Abyss
 63535 | Elf:3    | Cast into level 3 of the Abyss (a deep elf sorcerer)
 64112 | Abyss:3  | Reached skill level 21 in Fighting
 64239 | Elf:3    | Escaped the Abyss
 64549 | Elf:3    | Got a crude bone ring
 64604 | Elf:3    | Reached skill level 13 in Dodging
 64606 | Elf:3    | Got a clouded glass ring
 64612 | Elf:2    | Identified the ring "Ewkiow" {rElec EV+3 Str+4 Dex-4} (You took it off a deep elf demonologist on level 3 of the Elven Halls)
 64623 | Elf:3    | Got dazzling pearl dragon scales
 64631 | Elf:2    | Identified the +3 pearl dragon scales of Wuipla {+Fly rPois rN+ MP+9 Stlth+} (You took it off a deep elf master archer on level 3 of the Elven Halls)
 64632 | Elf:2    | Identified the ring of Omunt {*Drain rPois rN+ MR+ Int+2} (You took it off a deep elf master archer on level 3 of the Elven Halls)
 66561 | Depths:1 | Entered Level 1 of the Depths
 66669 | Depths:1 | Paralysed by a vampire knight for 7 turns
 66859 | Depths:1 | Paralysed by a sphinx for 2 turns
 66884 | Depths:1 | Found a gateway to Hell.
 66943 | Depths:1 | Reached skill level 14 in Dodging
 67009 | Depths:1 | Identified the Incunabulum of Poisonous Air
 67309 | Depths:1 | Reached skill level 22 in Fighting
 67384 | Depths:1 | Reached XP level 25. HP: 228/238 MP: 33/33
 68118 | Depths:2 | Found an opulent altar of Gozag.
 68121 | Depths:2 | Found a runed door.
 68123 | Depths:2 | Found a runed door.
 68123 | Depths:2 | Found a runed door.
 68136 | Depths:2 | Reached skill level 15 in Dodging
 68253 | Depths:2 | Reached skill level 16 in Dodging
 68453 | Depths:2 | Found a one-way gate leading to the halls of Pandemonium.
 68538 | Depths:2 | Noticed a juggernaut
 68551 | Depths:2 | Killed a juggernaut
 68569 | Depths:2 | Reached skill level 13 in Evocations
 68629 | Depths:2 | HP: 68/238 [spriggan berserker/antimagic war axe (21)]
 68634 | Depths:2 | HP: 69/238 [fire dragon (3)]
 68639 | Depths:2 | HP: 40/238 [flayed ghost/flay_damage (23)]
 68990 | Depths:2 | Found a burning altar of Makhleb.
 69084 | Depths:2 | Found a runed door.
 69091 | Depths:2 | Learned a level 1 spell: Summon Butterflies
 69139 | Depths:2 | Reached skill level 17 in Dodging
 69352 | Depths:2 | Found a runed door.
 69352 | Depths:2 | Found a runed door.
 69355 | Depths:2 | Found a runed door.
 69414 | Depths:2 | Got a translucent chain mail
 69460 | Depths:2 | Reached skill level 14 in Evocations
 69672 | Depths:2 | Paralysed by a floating eye for 3 turns
 69722 | Depths:2 | Reached XP level 26. HP: 205/246 MP: 33/33
 69820 | Depths:2 | Identified the +0 chain mail "Kohanul" {rPois rF+++ rC- Str-3} (You found it on level 2 of the Depths)
 70788 | Depths:2 | Got a bronze plate armour
 70790 | Depths:2 | Identified the cursed +0 plate armour of Wecaor {-Tele Str+8 Dex+4 Stlth+} (You found it on level 2 of the Depths)
 70845 | Depths:2 | Paralysed by a floating eye for 2 turns
 70852 | Depths:2 | Paralysed by a floating eye for 2 turns
 70861 | Depths:2 | Paralysed by a floating eye for 3 turns
 70870 | Depths:2 | Reached skill level 15 in Evocations
 70874 | Depths:2 | Paralysed by a floating eye for 2 turns
 71054 | Depths:3 | Noticed Frederick
 71326 | Depths:3 | Reached skill level 18 in Dodging
 71431 | Depths:3 | Found a corrupted altar of Lugonu.
 71441 | Depths:3 | Found a one-way gate to the infinite horrors of the Abyss.
 71456 | Depths:3 | Paralysed by a sphinx for 6 turns
 71586 | Depths:3 | Killed Frederick
 71675 | Depths:3 | Reached skill level 16 in Evocations
 71809 | Depths:3 | Found a gateway to a ziggurat.
 71871 | Depths:3 | Reached skill level 1 in Summonings
 71890 | Depths:3 | Reached skill level 1 in Spellcasting
 71983 | Depths:3 | Reached skill level 2 in Summonings
 72292 | Depths:4 | Reached skill level 2 in Spellcasting
 72324 | Depths:4 | Reached skill level 3 in Summonings
 72423 | Depths:4 | Reached skill level 3 in Spellcasting
 72428 | Depths:4 | Reached skill level 4 in Summonings
 72480 | Depths:4 | Reached XP level 27. HP: 233/254 MP: 35/35
 72561 | Depths:4 | Reached skill level 5 in Summonings
 72625 | Depths:4 | Reached skill level 4 in Spellcasting
 72636 | Depths:4 | Noticed a juggernaut
 72645 | Depths:4 | Killed a juggernaut
 72735 | Depths:4 | Reached skill level 6 in Summonings
 72741 | Depths:4 | Reached skill level 23 in Armour
 72953 | Depths:4 | Found Cimo's Weapon Emporium.
 72953 | Depths:4 | Found Kudoo's Armour Boutique.
 72953 | Depths:4 | Noticed an ancient lich
 72960 | Depths:4 | Reached skill level 5 in Spellcasting
 72971 | Depths:4 | Killed an ancient lich
 72978 | Depths:4 | Reached skill level 7 in Summonings
 73009 | Depths:4 | Found Fueki's General Store.
 73018 | Depths:4 | Found Anti's Food Emporium.
 73376 | Depths:4 | Found a corrupted altar of Lugonu.
 73495 | Depths:4 | Reached skill level 6 in Spellcasting
 73545 | Depths:4 | Reached skill level 8 in Summonings
 73562 | Depths:4 | Noticed a juggernaut
 73585 | Depths:4 | Killed a juggernaut
 74265 | Depths:5 | Entered Level 5 of the Depths
 74274 | Depths:5 | Found Sotzasi's Weapon Emporium.
 74275 | Depths:5 | Found Nackysol's Weapon Shoppe.
 74275 | Depths:5 | Found Ifobbuim's Food Emporium.
 74285 | Depths:5 | Found Dianisish's Jewellery Shoppe.
 74411 | Depths:5 | Reached skill level 9 in Summonings
 74469 | Depths:5 | Paralysed by a floating eye for 4 turns
 74478 | Depths:5 | Reached skill level 7 in Spellcasting
 75022 | Depths:5 | Reached skill level 10 in Summonings
 75173 | Depths:5 | Found a gate to the Realm of Zot.
 75188 | Depths:5 | Reached skill level 24 in Armour
 75190 | Depths:5 | Reached skill level 8 in Spellcasting
 75958 | Lair:1   | Found the +3 pair of gauntlets of War {Slay+5}
 75959 | Lair:1   | --Nice - I'll take those over fencer's gloves anyday!
 75971 | Lair:1   | Got an ancient cloak
 75972 | Lair:1   | Identified the +0 cloak "Hidwif" {rElec rPois rC- MR-} (You acquired it on level 1 of the Lair of Beasts)
 75980 | Lair:1   | Learned a level 1 spell: Apportation
 75986 | Lair:1   | Learned a level 5 spell: Aura of Abjuration
 75989 | Lair:1   | Learned a level 2 spell: Blink
 75993 | Lair:1   | Learned a level 3 spell: Portal Projectile
 75997 | Lair:1   | Learned a level 3 spell: Spectral Weapon
 76002 | Lair:1   | Learned a level 4 spell: Summon Lightning Spire
 76369 | Vaults:5 | Entered Level 5 of the Vaults
 76376 | Vaults:4 | Reached skill level 1 in Translocations
 76379 | Vaults:4 | Reached skill level 2 in Translocations
 76408 | Vaults:4 | Reached skill level 3 in Translocations
 76580 | Vaults:4 | Reached skill level 4 in Translocations
 76976 | Vaults:4 | Reached skill level 5 in Translocations
 77093 | Vaults:5 | HP: 46/254 [golden dragon/bolt of fire (54)]
 77094 | Vaults:5 | HP: 14/254 [frost giant/bolt of cold (33)]
 77096 | Vaults:5 | Slain by a golden dragon

Skill      XL: |  1  2  3  4  5  6  7  8  9 10 11 12 13 14 15 16 17 18 19 20 21 22 23 24 25 26 27 |
---------------+----------------------------------------------------------------------------------+-----
Armour         | 1 2 3 4 5 6 8 10 12 14 15 16 17 18 20 21 22 24 | 24.0
Axes           | 5 6 7 8 10 12 14 16 17 18 19 20 21 25 26 | 26.0
Fighting       | 3 8 11 13 16 17 19 20 22 | 22.0
Invocations    | 7 12 14 | 14.0
Evocations     | 8 10 12 14 16 | 16.0
Dodging        | 5 9 11 14 17 18 | 18.0
Throwing       | 4 9 10 | 10.0
Summonings     | 4 10 | 10.4
Spellcasting   | 3 8 |  8.8
Translocations | 5 |  5.2

Action                   |  1- 3 |  4- 6 |  7- 9 | 10-12 | 13-15 | 16-18 | 19-21 | 22-24 | 25-27 || total
-------------------------+-------+-------+-------+-------+-------+-------+-------+-------+-------++-------
Melee: War axe           |   109 |    88 |   282 |       |       |       |       |       |       ||   479
       Broad axe         |       |       |    63 |   405 |       |       |       |       |       ||   468
       Battleaxe         |       |       |     8 |   154 |  1247 |  1080 |  1295 |    68 |       ||  3852
       Flail             |       |       |       |    20 |    10 |       |       |       |       ||    30
       Morningstar       |       |       |       |     6 |       |       |       |       |       ||     6
       Unarmed           |       |       |       |       |       |     2 |       |       |       ||     2
       Executioner's axe |       |       |       |       |       |       |       |  1246 |  1272 ||  2518
Throw: Stone             |       |     5 |     4 |    32 |       |       |       |       |       ||    41
       Tomahawk          |       |       |     7 |     2 |     9 |     5 |       |     8 |       ||    31
       Throwing net      |       |       |       |     4 |       |     2 |     1 |       |       ||     7
       Javelin           |       |       |       |       |       |       |       |       |     1 ||     1
Invok: Divine Shield     |       |       |       |     1 |       |       |       |     1 |       ||     2
       Summon Divine War |       |       |       |       |       |     5 |       |     4 |       ||     9
 Abil: Evoke Flight      |       |       |       |       |     1 |     1 |       |     2 |       ||     4
Evoke: Lightning rod     |       |       |       |     4 |       |       |       |       |       ||     4
       Wand              |       |       |       |       |       |     3 |       |       |     2 ||     5
  Use: Scroll            |     5 |     3 |     8 |     9 |     6 |    11 |     3 |    19 |    10 ||    74
       Potion            |       |       |     1 |     2 |     1 |     4 |     3 |     5 |     2 ||    18
  Eat: Chunk             |     3 |     3 |    19 |    35 |    50 |    40 |    44 |    32 |    25 ||   251
       Ration            |       |       |       |       |       |       |       |     1 |     2 ||     3
Armor: Leather armour    |    13 |       |       |       |       |       |       |       |       ||    13
       Ring mail         |    24 |    20 |       |       |       |       |       |       |       ||    44
       Scale mail        |       |    12 |     2 |       |       |       |       |       |       ||    14
       Chain mail        |       |       |   191 |   341 |   265 |       |       |       |       ||   797
       Plate armour      |       |       |       |       |   527 |   679 |   655 |   590 |       ||  2451
       Pearl dragon scal |       |       |       |       |       |       |       |    72 |   571 ||   643
Dodge: Dodged            |    91 |    40 |   132 |   260 |   410 |   451 |   509 |   624 |   982 ||  3499
Block: Other             |       |       |       |     4 |       |       |       |     2 |       ||     6
       Rpst.: Battleaxe  |       |       |       |       |       |       |     1 |    10 |       ||    11
       Executioner's axe |       |       |       |       |       |       |       |   104 |   124 ||   228

Table legend:
 A = Turns spent in this place as a percentage of turns spent in the entire game.
 B = Non-inter-level travel turns spent in this place as a percentage of non-inter-level travel turns spent in the entire game.
 C = Inter-level travel turns spent in this place as a percentage of turns spent in this place.
 D = Turns resting spent in this place as a percentage of non-inter-level travel turns spent in this place.
 E = Turns spent auto-exploring this place as a percentage of non-inter-level travel turns spent in this place.
 F = Non-inter-level travel turns spent in this place divided by the number of levels of this place that you've seen.
                   A       B       C       D       E      F
               +-------+-------+-------+-------+-------+----------------------
         Total | 100.0 | 100.0 |  12.3 |  29.4 |  32.4 | 1251.5
       Dungeon |  23.6 |  21.2 |  21.3 |  21.1 |  48.5 | 955.3
        Temple |   0.2 |   0.2 |   7.6 |   0.0 |  63.1 | 122.0
          Lair |  14.8 |  13.7 |  18.7 |  27.5 |  40.9 | 1543.8
         Swamp |   5.2 |   5.5 |   6.5 |  23.5 |  41.1 | 937.5
     Snake Pit |  11.4 |  12.5 |   4.0 |  50.4 |  22.6 | 2107.2
  Orcish Mines |   3.4 |   3.1 |  20.4 |  28.6 |  18.9 | 1045.5
   Elven Halls |   6.9 |   7.3 |   8.4 |  26.3 |  28.4 | 1634.0
        Vaults |  16.1 |  16.7 |   9.5 |  44.1 |  15.1 | 2251.6
         Crypt |   3.6 |   3.7 |  10.1 |   9.3 |  41.0 | 833.0
        Depths |  11.8 |  12.8 |   4.7 |  17.3 |  36.4 | 1727.6
         Abyss |   1.3 |   1.5 |   0.0 |  17.0 |   1.1 | 512.0
     Labyrinth |   0.2 |   0.2 |   0.0 |   0.0 |   0.0 | 139.0
        Bazaar |   0.2 |   0.3 |   0.0 |  68.5 |   0.0 | 184.0
        Bailey |   0.6 |   0.7 |   0.0 |  34.3 |   0.0 | 484.0
      Ice Cave |   0.6 |   0.7 |   0.0 |  27.0 |   0.0 | 467.0
               +-------+-------+-------+-------+-------+----------------------

Vault maps used:
D:1:      minmay_arrival_split_and_join, minivault_27
D:2:      grunt_gozag_statues
D:3:      uniq_robin, uniq_sigmund
D:4:      nicolae_overflow_hidden_temple, uniq_grinder
D:5:      serial_bayou, serial_bayou_crossing, serial_bayou_pond_e,
          serial_bayou_pond_a, serial_bayou_pond_c, first_ration, led_sif_book,
          uniq_blork_the_orc
D:7:      minitemple, lemuel_doored_altar, temple_fountains, basic_altar,
          uniq_menkaure
D:8:      david_lair_shrubbed, grunt_ogre_cave
D:9:      kennysheep_mini, minmay_guarded_unrand_finisher
D:10:     orc_0_dummy
D:11:     serial_shops, shop, wad_dig_loot
D:12:     enter_bailey_2
D:13:     serial_shops, shop_fountains
D:14:     erik_vaults_1, portal_ice_cave_entry_pillars_1,
          yredelemnul_altar_generic, serial_shops, bzr_entry_road,
          shop_fountains, shop_fountains, jmf_multi_god_temple2
D:15:     grunt_enter_depths_magical_seal, grunt_dithmenos_smoke_and_mirrors,
          uniq_josephine
Temple:   nicolae_temple_great_sept
Lair:1:   dragon1_lemuel
Lair:2:   minmay_swamp_entry_swarm, minmay_lair_oklob_chamber,
          lemuel_fruit_fields
Lair:3:   guppyfry_snake_entry_garden
Lair:4:   lab_entry_generic, uniq_rupert
Lair:5:   pond_and_an_island_with_a_cottage
Lair:6:   hangedman_lair_caniforms_friends, dpeg_slime_entry_enclosed_altar
Swamp:1:  cheibrodos_swamp_tower_of_moss, evilmike_swamp_ruin_rubble_2,
          swamp_pool2
Swamp:2:  nicolae_swamp_feature_on_the_river_bank
Swamp:3:  hangedman_swamp_cone, uniq_bai_suzhen
Swamp:4:  swamp_fiery
Snake:1:  kennysheep_snake, uniq_kirke, uniq_agnes, uniq_aizul
Snake:2:  spider_trap, minmay_snake_pond, uniq_vashnia
Snake:3:  st_stairs_10, nrook_loot_triangle, uniq_nikola, uniq_saint_roka
Snake:4:  johnstein_snake_rune_scales, nicolae_snake_linked_coils
Orc:1:    uniq_nergalle
Orc:2:    st_orc_mages, basic_altar
Elf:1:    hangedman_elven_crosses_minicolossus, roderic_lattice_octagonal_star
Elf:3:    minmay_elf_hall_dome, serial_shops, nicolae_shop_statue_plus, shop,
          nicolae_shop_window_shopping, patterned_corridor
Vaults:1: vaults_room_door_ring, hangedman_vaults_maws, vaults_dpeg_spiral,
          hangedman_vaults_corner_blocks, vaults_mumra_lcd, v_misc_8,
          vaults_dpeg_diagonal, grunt_vaults_twisty,
          ontoclasm_vaults_loading_screen, vaults_dpeg_ring, serial_shops, shop
Vaults:2: v_misc_23, v_misc_18, v_misc_16,
          nicolae_vaults_windows_and_doors_thing, nicolae_vaults_specimen_jars,
          hangedman_vaults_slice, vaults_room_boxed, v_misc_11,
          nicolae_vaults_mini_display_case, uniq_jory, uniq_donald
Vaults:3: serial_ice_b, ontoclasm_vaults_gateway, nicolae_vaults_holding_cells,
          vaults_mumra_chevron, vaults_room_pool,
          nicolae_vaults_big_angled_halls, hangedman_vaults_maws,
          minmay_crypt_entry_simple_sparse, nicolae_vaults_little_squares_4,
          ontoclasm_vaults_tryst, dpeg_vaults_monster_box, nicolae_vaults_theta,
          uniq_xtahua
Vaults:4: v_misc_4, grunt_vaults_hallway_long, v_misc_8, v_misc_13,
          nicolae_vaults_little_squares_2, vaults_dpeg_hooks, v_misc_11,
          v_misc_17, nicolae_vaults_diagonal_hallway_8, vaults_room_door_ring,
          vaults_room_hangedman_quadrants, vaults_room_pools,
          hangedman_vaults_capsules, hangedman_vaults_locks, v_misc_24,
          v_pattern_3, uniq_sojobo
Vaults:5: serial_shops
Crypt:1:  grunt_crypt_arrival_split, uniq_mennas, uniq_boris, uniq_mara
Crypt:3:  lightli_unholy_cathedral
Depths:1: hangedman_elemental_death_ray, hell_entry,
          serial_sigils_hangedman_gnaw, grunt_ministairs_5,
          eino_small_chamber_without_monster, minislime_mu
Depths:2: minmay_the_grid_ultimate, hell_entry, pan_entry
Depths:3: due_chaos_kobolds, enter_ziggurat_f, hangedman_decor_push,
          grunt_mini_vestibule, pan_entry, infiniplex_staircase_pool_2,
          uniq_frederick
Depths:4: hangedman_box_tower, rand_demon_pan_entry_4, hell_entry,
          abyss_entry_flame_altar, wad_scary_box
Depths:5: grunt_zot_entry_alcove, hell_entry, nrook_mini_backslash,
          rand_demon_pan_entry_5, minmay_shoptagon
Abyss:3:  bh_abyss_xom_lugonu_altar, minivault_19
Lab:      labyrinth_green
Bazaar:   bazaar_minmay_generic_island
Bailey:   bailey_polearm_gnolls_kennysheep, bailey
IceCv:    ice_cave_small_demon
